 Dungeon Crawl Stone Soup version 0.23.2-30-g0e89c35649 (webtiles) character file.

Game seed: 1653083339588499928

41 Pizzadoos the Firebug (level 3, 16/27 HPs)
             Began as a Hill Orc Fire Elementalist on June 12, 2019.
             Was a Follower of Nemelex Xobeh.
             Quit the game on level 2 of the Dungeon on June 14, 2019.
             The game lasted 00:17:49 (1711 turns).

Pizzadoos the Firebug (Hill Orc Fire Elementalist)  Turns: 1711, Time: 00:17:49

Health: 16/27      AC:  6    Str: 10    XL:     3   Next: 52%
Magic:  3/5        EV: 12    Int: 16    God:    Nemelex Xobeh [*.....]
Gold:   99         SH:  0    Dex: 11    Spells: 4/5 levels left

rFire    . . .     SeeInvis .   e - +0 hand axe
rCold    . . .     Gourm    .   (no shield)
rNeg     . . .     Faith    .   a - +0 robe
rPois    .         Spirit   .   m - +0 helmet
rElec    .         Reflect  .   j - +0 cloak
rCorr    .         Harm     .   (no gloves)
MR       .....                  (no boots)
Stlth    ++........             (no amulet)
HPRegen  0.09/turn              f - +2 ring of protection
MPRegen  0.09/turn              (no ring)

@: no status effects
A: no striking features
a: Draw Escape, Draw Destruction, Draw Summoning, Renounce Religion


You were on level 2 of the Dungeon.
You worshipped Nemelex Xobeh.
Nemelex Xobeh was aware of your devotion.
You were not hungry.

You visited 1 branch of the dungeon, and saw 2 of its levels.

You collected 99 gold pieces.

Inventory:

Hand Weapons
 e - a +0 hand axe (weapon)
Missiles
 d - 26 bolts
 h - 53 stones (quivered)
 i - 16 poisoned needles
 l - 21 arrows
Armour
 a - a +0 robe (worn)
 b - a +0 ring mail
 g - a +0 leather armour
 j - a +0 cloak (worn)
 m - a +0 helmet (worn)
Jewellery
 f - a +2 ring of protection (left hand)
Scrolls
 n - a scroll of blinking
Potions
 k - a potion of curing


   Skills:
 + Level 0.7 Fighting
 * Level 0.8 Axes
 + Level 1.9 Dodging
 * Level 2.0 Stealth
 + Level 1.7 Spellcasting
 + Level 1.2 Conjurations
 + Level 3.8 Fire Magic


You had 4 spell levels left.
You knew the following spells:

 Your Spells              Type           Power        Failure   Level  Hunger
a - Flame Tongue          Conj/Fire      #....        8%          1    ##.....

Your spell library contained the following spells:

 Spells                   Type           Power        Failure   Level  Hunger
 Throw Flame              Conj/Fire      #.....       11%         2    ###....
 Conjure Flame            Conj/Fire      #.......     22%         3    ####...
 Inner Flame              Hex/Fire       #.......     28%         3    ####...
 Sticky Flame             Conj/Fire      #.......     58%         4    #####..
 Fireball                 Conj/Fire      #.........   90%         5    ######.


Dungeon Overview and Level Annotations

Branches:
Dungeon (2/15)

Altars:
Nemelex Xobeh


Message History

The quokka barely misses you. The quokka closely misses you.
You completely miss the quokka.
The quokka is almost dead.
The quokka closely misses you.
You closely miss the quokka.
The quokka is almost dead.
The quokka misses you. The quokka bites you.
You hit the quokka.
You kill the quokka!
Things that are here:
a dagger; a quokka corpse
n - a scroll labeled EHOIQO YWADE
As you read the scroll of identify, it crumbles to dust.
n - a scroll of blinking Are you sure you want to abandon this character and quit the game? (Confirm with "yes".)
Okay, then.
Welcome back, Pizzadoos the Hill Orc Fire Elementalist.
Nemelex Xobeh says: It's all in the cards!
Press ? for a list of commands and other information.
Are you sure you want to abandon this character and quit the game? (Confirm with "yes".)

#............#
#.##........
#.#.########.#
#.##.####### #.#.#
#.#####.##.#
#.#.########.......##.#
#.#.†.........[.......#
#.#######.#.#########.#
#.# #.#.# #.# #.###
#.#.# #######.# ##...#
#.#.# #@.<.>..# ####.#
#.#.# #.#####)##### .#
#.# #.#.# #...).......#
#.##.# #.#.#
#######.###.#
##.#.#####Y#. #.#
............. #.#
##.#.#####... ..#
#.##.# ### .###.#


There were no monsters in sight!

Vanquished Creatures
  An adder (D:2)
  An ooze (D:1)
  A dart slug (D:1)
  A leopard gecko (D:2)
  2 ball pythons
  2 bats
  2 goblins
  2 hobgoblins (D:1)
  4 jackals (D:1)
  A quokka (D:2)
  A frilled lizard (D:1)
  2 kobolds (D:2)
  2 rats
22 creatures vanquished.

Notes
Turn   | Place    | Note
-------+----------+-------------------------------------------
     0 | D:1      | Pizzadoos the Hill Orc Fire Elementalist began the quest
                  | for the Orb.
     0 | D:1      | Reached XP level 1. HP: 14/14 MP: 3/3
   104 | D:1      | Reached XP level 2. HP: 15/20 MP: 0/4
  1427 | D:2      | Reached XP level 3. HP: 25/27 MP: 5/5
  1428 | D:2      | Found a faded altar of an unknown god.
  1530 | D:2      | Became a worshipper of Nemelex Xobeh the Trickster
  1530 | D:2      | Received a gift from Nemelex Xobeh
  1530 | D:2      | Reached * piety under Nemelex Xobeh
  1603 | D:2      | Noticed an ice beast
  1711 | D:2      | Quit the game

Skill      XL: |  1  2  3 |
---------------+----------+-----
Stealth        | 2 |  2.0
Fighting       | |  0.7
Axes           | |  0.8
Dodging        | |  1.9
Spellcasting   | |  1.7
Conjurations   | |  1.2
Fire Magic     | |  3.8

Action                   || total
-------------------------++-------
Melee: Unarmed           ||    13
       Hand axe          ||    41
 Cast: Flame Tongue      ||    25
  Use: Scroll            ||     5
 Stab: Sleeping          ||     1
  Eat: Ration            ||     1
Armor: Robe              ||    20
Dodge: Dodged            ||    55
